 Dungeon Crawl Stone Soup version 0.25-b1-23-ge2ad7d536c (webtiles) character file.

Game seed: 13098127699289263346, levelgen mode: deterministic

28 grindst0ne the Magician (level 3, 0/25 HPs)
             Began as a Gnoll Wanderer on June 3, 2020.
             Succumbed to an adder's poison
             ... on level 2 of the Dungeon.
             The game lasted 00:02:09 (1529 turns).

grindst0ne the Magician (Gnoll Wanderer)            Turns: 1529, Time: 00:02:10

Health: 0/25       AC:  3    Str: 10 (12) XL:     3   Next: 14%
Magic:  11/11      EV:  8    Int: 11 (14) God:
Gold:   24         SH:  8    Dex: 15 (17) Spells: 16/16 levels left

rFire    . . .     SeeInvis .   a - +0 falchion
rCold    . . .     Gourm    .   b - +0 kite shield
rNeg     . . .     Faith    +   n - +0 leather armour
rPois    .         Spirit   .   (no helmet)
rElec    .         Reflect  .   (no cloak)
rCorr    .         Harm     .   (no gloves)
MR       .....                  (no boots)
Stlth    +++.......             k - amulet of faith
HPRegen  0.08/turn              (no ring)
MPRegen  0.12/turn              (no ring)

@: lethally poisoned (0 -> -8)
A: distributed training, fangs 1, strong nose
a: no special abilities


You were on level 2 of the Dungeon.
You were not hungry.

You visited 1 branch of the dungeon, and saw 2 of its levels.

You collected 24 gold pieces.

Inventory:

Hand Weapons
 a - a +0 falchion (weapon)
 e - a +0 dagger
Missiles
 i - 48 stones (quivered)
Armour
 b - a +0 kite shield (worn)
 d - a +0 robe
 h - a +0 plate armour
 n - a +0 leather armour (worn)
 o - a +0 ring mail
Jewellery
 k - an amulet of faith (around neck)
Scrolls
 c - a scroll of identify {unknown}
 j - a scroll of remove curse {unknown}
 l - 2 scrolls of enchant armour {unknown}
 m - a scroll of teleportation {unknown}
 p - a scroll of magic mapping {unknown}
Comestibles
 f - 2 rations
 g - a chunk of flesh


   Skills:
 + Level 0.6 Fighting
 + Level 0.6 Short Blades
 + Level 0.6 Long Blades
 + Level 0.6 Axes
 + Level 0.6 Maces & Flails
 + Level 0.6 Polearms
 + Level 0.6 Staves
 + Level 0.6 Slings
 + Level 0.6 Bows
 + Level 0.6 Crossbows
 + Level 2.5 Throwing
 + Level 0.6 Armour
 + Level 0.6 Dodging
 + Level 5.9 Stealth
 + Level 2.5 Shields
 + Level 0.6 Unarmed Combat
 + Level 7.1 Spellcasting
 + Level 0.4 Conjurations
 + Level 0.4 Hexes
 + Level 0.4 Charms
 + Level 0.4 Summonings
 + Level 0.4 Necromancy
 + Level 2.1 Translocations
 + Level 0.4 Transmutations
 + Level 0.4 Fire Magic
 + Level 0.4 Ice Magic
 + Level 2.1 Air Magic
 + Level 0.4 Earth Magic
 + Level 0.4 Poison Magic
 + Level 0.8 Invocations
 + Level 0.6 Evocations


You had 16 spell levels left.
You didn't know any spells.
Your spell library was empty.

Dungeon Overview and Level Annotations

Branches:
Dungeon (2/15)

Altars:


Innate Abilities, Weirdness & Mutations

Your experience applies equally to all skills.
You have very sharp teeth.
Your uncanny sense of smell can sniff out nearby items.


Message History

* * * LOW HITPOINT WARNING * * *
You aren't carrying any potions.
You hit the adder but do no damage. You bite the adder, but do no damage.
The adder is heavily wounded.
* * * LOW HITPOINT WARNING * * *
You feel sick. You block the adder's attack.
You closely miss the adder. You bite the adder, but do no damage.
The adder is heavily wounded.
You block the adder's attack. The adder bites you but does no damage.
You barely miss the adder.
The adder is heavily wounded.
* * * LOW HITPOINT WARNING * * *
You feel sick. The adder bites you.
* * * LOW HITPOINT WARNING * * *
You are more poisoned.
The adder poisons you! The adder bites you.
* * * LOW HITPOINT WARNING * * *
You hit the adder.
The adder is severely wounded.
You die...

.....#.#
...... ....
#..#
#####..#
#....<.###
....##.....#
# #.#.#.#
#(#.#@#
....#S#
##.###.# #.
..# ## ...
#... ...#
..?.


You could see an adder.

Vanquished Creatures
  2 dart slugs (D:1)
  A giant cockroach (D:1)
  3 goblins (D:1)
  A hobgoblin (D:1)
  4 jackals (D:1)
  7 frilled lizards (D:1)
  3 kobolds (D:1)
  3 rats (D:1)
24 creatures vanquished.

Notes
Turn   | Place    | Note
-------+----------+-------------------------------------------
     0 | D:1      | grindst0ne the Gnoll Wanderer began the quest for the Orb.
     0 | D:1      | grindst0ne set off with the following items: a +0 falchion,
                  | a +0 kite shield, a potion of lignification, a +0 robe, a
                  | +0 dagger, a ration
     0 | D:1      | Reached XP level 1. HP: 13/13 MP: 8/8
    66 | D:1      | Reached XP level 2. HP: 5/19 MP: 10/10
  1111 | D:1      | Reached XP level 3. HP: 6/25 MP: 11/11
  1528 | D:2      | HP: 1/25 [adder (1)]
  1529 | D:2      | Succumbed to an adder's poison

Illustrated notes

Levels and vault maps discovered:
D:1:      lightli_molten_gateway, layout_basic
D:2:      layout_loops_cross, grunt_ministairs_14, elyvilon_altar_4,
          uniq_sigmund

Skill      XL: |  1 |
---------------+----+-----
Translocations | 2 |  2.1
Air Magic      | 2 |  2.1
Fighting       | |  0.6
Short Blades   | |  0.6
Long Blades    | |  0.6
Axes           | |  0.6
Maces & Flails | |  0.6
Polearms       | |  0.6
Staves         | |  0.6
Slings         | |  0.6
Bows           | |  0.6
Crossbows      | |  0.6
Throwing       | |  2.5
Armour         | |  0.6
Dodging        | |  0.6
Stealth        | |  5.9
Shields        | |  2.5
Unarmed Combat | |  0.6
Spellcasting   | |  7.1
Conjurations   | |  0.4
Hexes          | |  0.4
Charms         | |  0.4
Summonings     | |  0.4
Necromancy     | |  0.4
Transmutations | |  0.4
Fire Magic     | |  0.4
Ice Magic      | |  0.4
Earth Magic    | |  0.4
Poison Magic   | |  0.4
Invocations    | |  0.8
Evocations     | |  0.6

Action                   || total
-------------------------++-------
Melee: Falchion          ||    83
       Bite              ||    14
Throw: Stone             ||    17
  Use: Potion            ||     2
 Stab: Sleeping          ||     4
  Eat: Chunk             ||     2
Armor: Robe              ||     8
       Leather armour    ||     5
       Skin              ||     2
Dodge: Dodged            ||    30
Block: Kite shield       ||    40
       Rpst.: Falchion   ||     8
